 Dungeon Crawl Stone Soup version 0.21.1-1-g345015fe64 (webtiles) character file.

23 Htamos the Conjurer (level 2, 0/17 HPs)
             Began as an Octopode Conjurer on July 17, 2018.
             Slain by a crimson imp (3 damage)
             ... on level 1 of the Dungeon.
             The game lasted 00:02:45 (847 turns).

Htamos the Conjurer (Octopode Conjurer)              Turns: 847, Time: 00:02:45

Health: 0/17       AC:  1    Str:  7    XL:     2   Next: 95%
Magic:  0/5        EV: 13    Int: 17    God:
Gold:   34         SH:  0    Dex: 12    Spells: 4/5 levels left

rFire    . . .     SeeInvis .   (no weapon)
rCold    . . .     Gourm    .   (no shield)
rNeg     . . .     Faith    .   (helmet restricted)
rPois    .         Spirit   .   (no amulet)
rElec    .         Reflect  .   j - ring of stealth
rCorr    .         Harm     .   (no ring)
MR       .....                  (no ring)
Stlth    ++++......             (no ring)
HPRegen  0.05/turn              (no ring)
MPRegen  0.09/turn              (no ring)
                                (no ring)
                                (no ring)

@: no status effects
A: almost no armour, stealthy swim, amphibious, 8 rings, constrict 8, camouflage
1, gelatinous body 1
a: no special abilities


You were on level 1 of the Dungeon.
You were not hungry.

You visited 1 branch of the dungeon, and saw 2 of its levels.

You collected 34 gold pieces.

Inventory:

Hand Weapons
 e - a +0 dagger
Missiles
 g - 2 curare-tipped needles
Jewellery
 j - a ring of stealth (left tentacle)
Scrolls
 i - a scroll of remove curse
Potions
 d - a potion of ambrosia {unknown}
 h - a potion of curing {unknown}
Books
 a - a book of Conjurations

   Spells                             Type                      Level
   a - Magic Dart                     Conjuration                  1
   b - Searing Ray                    Conjuration                  2
   c - Dazzling Spray                 Conjuration/Hexes            3
   d - Fulminant Prism                Conjuration/Hexes            4
   e - Force Lance                    Conjuration/Translocation    4
   f - Iskenderun's Mystic Blast      Conjuration                  4
Comestibles
 b - 2 rations
 c - 2 chunks of flesh


   Skills:
 - Level 2.0 Dodging
 - Level 2.7 Stealth
 + Level 2.3 Spellcasting
 * Level 4.5 Conjurations


You had 4 spell levels left.
You knew the following spells:

 Your Spells              Type           Power        Failure   Level  Hunger
a - Magic Dart            Conj           ###.         2%          1    #......


Dungeon Overview and Level Annotations

Branches:
Dungeon (2/15)

Altars:


Innate Abilities, Weirdness & Mutations

You cannot wear most types of armour.
You are very stealthy in the water. (Stealth+)
You are amphibious.
You can wear up to eight rings at the same time.
You can use your tentacles to constrict eight enemies at once.
Your skin changes colour to match your surroundings (Stealth+).
Your rubbery body absorbs attacks. (AC +1, EV +1)


Message History

The crimson imp is lightly wounded.
The crimson imp hits you but does no damage.
You closely miss the crimson imp. Your grab misses the crimson imp.
Your squeeze misses the crimson imp.
The crimson imp is lightly wounded.
The crimson imp barely misses you.
Casting: Magic Dart
Confirm with . or Enter, or press ? or * to list all spells.
Aiming: Magic Dart
Press: ? - help, Shift-Dir - straight line, f/p - crimson imp
Aim: a crimson imp The magic dart hits the crimson imp.
The crimson imp is heavily wounded.
* * * LOW MAGIC WARNING * * *
The crimson imp hits you.
* * * LOW HITPOINT WARNING * * *
You miss the crimson imp. Your grab misses the crimson imp.
The crimson imp is moderately wounded.
The crimson imp hits you.
You die...

...#........#........#
...#...............(.#
.......###........####
..................#
..................#
..................#
................>.#
................5.#
.....#..........@.#
.....#............#
.................##
..#..............#
..#......#.......####
###......#..........#
.........###........#
...##.....##........#
......##...#........#


You could see a crimson imp.

Vanquished Creatures
  3 dart slugs (D:1)
  3 hobgoblins (D:1)
  5 bats (D:1)
  A frilled lizard (D:1)
  A goblin (D:1)
  2 kobolds (D:1)
  2 rats (D:1)
17 creatures vanquished.

Notes
Turn   | Place    | Note
-------+----------+-------------------------------------------
     0 | D:1      | Htamos the Octopode Conjurer began the quest for the Orb.
     0 | D:1      | Reached XP level 1. HP: 11/11 MP: 3/3
   214 | D:1      | Reached XP level 2. HP: 17/17 MP: 3/5
   823 | D:2      | Noticed a crimson imp
   847 | D:1      | Slain by a crimson imp

Action                   || total
-------------------------++-------
Melee: Unarmed           ||    13
       Constrict         ||     4
       Tentacles         ||     2
 Cast: Magic Dart        ||    40
  Use: Scroll            ||     2
Armor: Skin              ||     2
Dodge: Dodged            ||    12
